 Dungeon Crawl Stone Soup version 0.31-a0-986-g5e6e4ef867 (webtiles) character file.

Game seed: 2322128038409608051

9510 Persephone the Grappler (level 11, -3/133 HPs)
             Began as a Demonspawn Berserker on Nov 18, 2023.
             Was a Priest of Trog.
             Slain by a komodo dragon (14 damage)
             ... on level 1 of the Lair of Beasts.
             The game lasted 00:15:06 (10080 turns).

Persephone the Grappler (Demonspawn Berserker)     Turns: 10080, Time: 00:15:07

Health: -3/133     AC: 16    Str: 22    XL:     11   Next: 24%
Magic:  11/11      EV:  9    Int:  9    God:    Trog [***...]
Gold:   581        SH:  0    Dex: 18    Spells: 10/10 levels left

rFire   + .          .
                       - Unarmed
rCold   . . .        (no shield)
rNeg    . . .        b - +7 chain mail of Bittuil {rF+ Dex+6}
rPois   .            (no helmet)
rElec   .            (no cloak)
rCorr   +            (gloves unavailable)
SInv    +            u - +0 pair of boots
Will    ++...        (no amulet) Stlth
                     n - ring of see invisible
HPRegen 1.42/turn    y - ring of resist corrosion
MPRegen 0.12/turn

%: no passive effects
@: berserking, strong-willed, regenerating, very quick
A: claws 3, foul stench 2
a: Renounce Religion, Berserk, Trog's Hand


You were on level 1 of the Lair of Beasts.
You worshipped Trog.
Trog was most pleased with you.
You visited 2 branches of the dungeon, and saw 12 of its levels.

You collected 581 gold pieces.

Inventory:

Missiles
 e - 4 throwing nets
Armour
 b - the +7 chain mail of Bittuil (worn) {rF+ Dex+6}
   (You found it on level 2 of the Dungeon)

   Dex+6:     It affects your dexterity (+6).
   rF+:       It protects you from fire.
 i - a +1 leather armour
 u - a +0 pair of boots (worn)
Jewellery
 n - a ring of see invisible (left claw)
 y - a ring of resist corrosion (right claw)
 E - an amulet of faith
Wands
 j - a wand of flame (28)
 o - a wand of digging (10)
 t - a wand of paralysis (13)
 D - a wand of mindburst (8)
Scrolls
 k - 2 scrolls of immolation
 l - 5 scrolls of enchant armour
 p - a scroll of fog
 r - 2 scrolls of teleportation
 s - 2 scrolls of revelation
 w - a scroll of blinking
 x - a scroll of torment
 F - a scroll of identify
 G - a scroll of fear {unknown}
Potions
 a - a potion of cancellation {unknown}
 c - 5 potions of curing
 d - 3 potions of brilliance
 f - a potion of invisibility {unknown}
 g - 2 potions of lignification {unknown}
 h - 4 potions of heal wounds
 m - 2 potions of ambrosia {unknown}
 q - a potion of attraction {unknown}
 v - 2 potions of degeneration {unknown}
 z - a potion of might {unknown}
 A - a potion of magic {unknown}
 C - a potion of haste {unknown}
Miscellaneous
 B - a phial of floods


   Skills:
 + Level 9.0 Fighting
 - Level 5.7 Axes
 - Level 1.7 Armour
 - Level 1.7 Dodging
 * Level 13.2 Unarmed Combat


You had 10 spell levels left.
You didn't know any spells.
Your spell library was empty.

Dungeon Overview and Level Annotations

Branches:
Dungeon (11/15)            Temple (0/1) D:6            Lair (1/5) D:10
    Orc (0/2) D:9

Altars:
Dithmenos
Nemelex Xobeh
Okawaru
Ru
Uskayaw
Vehumet
Wu Jian

Shops:
D:6 [   D:9 [

Annotations:
D:3 1 runed translucent door, Jeffwins's ghost, amateur DrSh
D:6 2 transporters, exclusion: oklob plant
D:9 2 transporters
D:10 2 transporters
Lair:1 Maggie


Innate Abilities, Weirdness & Mutations

You have claws for hands.
You sometimes emit foul miasma when damaged in melee.


Message History

You feel very sick.
You feel very sick.
A komodo dragon comes into view.
Lua - Auto Kill stopped.
Not in fighting shape.
You are too injured to fight recklessly!
Your skin crawls.
You feel strong-willed.
You feel very sick.
The komodo dragon hisses angrily.
You feel very sick.
You feel sick.
You feel sick.
You feel sick.
You feel sick.
You mangle the komodo dragon!! You claw the komodo dragon.
The komodo dragon is heavily wounded.
Maggie the Vainglorious comes into view.
She is wielding a +0 morningstar and carrying a wand of paralysis.
The komodo dragon bites you.
Maggie shouts!
You scratch the komodo dragon but do no damage.
The komodo dragon is heavily wounded.
You feel sick.
Maggie practices a pose.
The komodo dragon closely misses you.
You scratch the komodo dragon but do no damage.
The komodo dragon is heavily wounded.
You feel sick.
You closely miss the komodo dragon.
The komodo dragon is heavily wounded.
You feel sick. The komodo dragon bites you!
* * * LOW HITPOINT WARNING * * *
You scratch the komodo dragon.
The komodo dragon is heavily wounded.
The komodo dragon bites you!
* * * LOW HITPOINT WARNING * * *
A red film seems to cover your vision as you go berserk!
You feel yourself moving faster!
You feel mighty!
You feel sick.
You are no longer poisoned.
The komodo dragon bites you!
You die...

###P# .....# ......
....# .......#####...#
.......#...#..# ##
.......#......### ..#
.......#...#..#.####..#
......................##
#.......................
#............@..@l....).
........................
........................
........................
.................$[.....
........................
........................
........................
................


You could see Maggie and a komodo dragon.

Vanquished Creatures
  A two-headed ogre (D:9)
  A cane toad (Lair:1)
  An unseen horror (D:10)
  A komodo dragon (D:11)
  A kobold demonologist (D:10)
  4 trolls
  3 hornets
  A wraith (D:9)
  3 steam dragons
  2 wargs (D:10)
  4 acid dragons
  4 water moccasins
  2 ice beasts
  6 orc warriors
  6 wolves (Lair:1)
  An ogre (D:6)
  5 centaurs
  3 kobold brigands
  2 bullfrogs (Lair:1)
  2 gnoll sergeants
  A scorpion (D:5)
  13 wights (D:8)
  4 killer bees (D:9)
  2 electric eels (D:10)
  4 howler monkeys
  3 hounds
  11 orc priests
  2 gnoll boudas
  7 jellies
  2 iguanas (D:5)
  A sleepcap (D:4)
  12 orc wizards
  25 gnolls
  7 adders
  A shadow imp (D:7)
  2 white imps
  A worm (D:3)
  5 dart slugs
  36 orcs
  11 ball pythons
  4 bats
  19 endoplasms
  13 giant cockroaches
  6 hobgoblins
  3 quokkas (D:4)
  2 frilled lizards (D:3)
  18 kobolds
  5 rats
273 creatures vanquished.

Vanquished Creatures (others)
  2 kobolds (D:10)
2 creatures vanquished.

Grand Total: 275 creatures vanquished

Notes
Turn   | Place    | Note
-------+----------+-------------------------------------------
     0 | D:1      | Persephone the Demonspawn Berserker began the quest for the
                  | Orb.
     0 | D:1      | Reached XP level 1. HP: 18/18 MP: 1/1
   169 | D:1      | Gained mutation: You may rarely emit foul miasma when
                  | damaged in melee. [demonic ancestry]
   169 | D:1      | Reached XP level 2. HP: 22/24 MP: 2/2
   729 | D:2      | Reached XP level 3. HP: 19/29 MP: 3/3
   843 | D:2      | Found a faded altar of an unknown god.
   849 | D:2      | Reached XP level 4. HP: 19/35 MP: 4/4
   953 | D:2      | Identified the +7 chain mail of Bittuil {rF+ Dex+6}
  1065 | D:2      | Reached ** piety under Trog
  1274 | D:3      | Identified the "Tagh"
  1347 | D:3      | Found a runed translucent door.
  1347 | D:3      | Noticed Jeffwins's ghost (amateur DrSh)
  1934 | D:3      | Reached skill level 5 in Axes
  2265 | D:4      | Gained mutation: You have sharp fingernails. [demonic
                  | ancestry]
  2265 | D:4      | Reached XP level 5. HP: 32/41 MP: 5/5
  2398 | D:4      | Reached skill level 1 in Unarmed Combat
  2441 | D:3      | Reached skill level 2 in Unarmed Combat
  2441 | D:3      | Reached XP level 6. HP: 30/47 MP: 6/6
  2760 | D:4      | Reached *** piety under Trog
  3054 | D:5      | Entered Level 5 of the Dungeon
  3054 | D:5      | Noticed an ice beast
  3067 | D:5      | Killed an ice beast
  3068 | D:5      | Reached skill level 3 in Unarmed Combat
  3086 | D:4      | Reached skill level 4 in Unarmed Combat
  3243 | D:5      | Reached XP level 7. HP: 40/52 MP: 7/7
  3471 | D:5      | Reached skill level 5 in Unarmed Combat
  3629 | D:5      | Reached skill level 6 in Unarmed Combat
  4115 | D:6      | Noticed an oklob plant
  4166 | D:6      | Reached XP level 8. HP: 28/58 MP: 8/8
  4249 | D:6      | Reached skill level 7 in Unarmed Combat
  4299 | D:6      | Found a transporter.
  4302 | D:6      | Found Sishra Sei's Armour Boutique.
  4414 | D:6      | Found a sacrificial altar of Ru.
  4424 | D:6      | Found an iron altar of Okawaru.
  4424 | D:6      | Found an ornate altar of the Wu Jian Council.
  4431 | D:6      | Found a hide-covered altar of Uskayaw.
  4528 | D:6      | HP: 1/58 [gnoll bouda/+0 spear (5)]
  4638 | D:6      | Identified the +3 leather armour "Nulocudd" {Will+}
  4730 | D:6      | Found a transporter.
  4958 | D:6      | Found a staircase to the Ecumenical Temple.
  5087 | D:6      | Reached skill level 8 in Unarmed Combat
  5499 | D:7      | Identified the +2 robe of the Devil {MP-9 Slay+4}
  5775 | D:7      | Found a sparkling altar of Nemelex Xobeh.
  6058 | D:8      | Reached skill level 9 in Unarmed Combat
  6058 | D:8      | Gained mutation: You have very sharp fingernails. [demonic
                  | ancestry]
  6058 | D:8      | Reached XP level 9. HP: 66/66 MP: 9/9
  6307 | D:8      | Reached skill level 5 in Fighting
  6706 | D:8      | Found a shadowy altar of Dithmenos.
  6706 | D:8      | Found a radiant altar of Vehumet.
  6907 | D:9      | Noticed a two-headed ogre
  6912 | D:9      | Reached skill level 10 in Unarmed Combat
  6922 | D:9      | Killed a two-headed ogre
  7079 | D:9      | Found a staircase to the Orcish Mines.
  7094 | D:9      | Paralysed by a hornet for 2 turns
  7206 | D:9      | Noticed a two-headed ogre
  7206 | D:9      | Noticed a boulder beetle
  7222 | D:9      | Found a transporter.
  7222 | D:9      | Noticed a white ugly thing
  7241 | D:9      | Found a transporter.
  7257 | D:9      | Gained mutation: You sometimes emit foul miasma when
                  | damaged in melee. [demonic ancestry]
  7257 | D:9      | Reached XP level 10. HP: 64/77 MP: 10/10
  7260 | D:9      | Reached skill level 11 in Unarmed Combat
  7697 | D:9      | Found Jogaiheu's Armour Boutique.
  7835 | D:9      | Noticed a two-headed ogre
  8059 | D:10     | Entered Level 10 of the Dungeon
  8059 | D:10     | Found a transporter.
  8113 | D:10     | Found a transporter.
  8349 | D:10     | Noticed a smoke demon
  8526 | D:10     | Found a staircase to the Lair.
  8534 | D:10     | Reached skill level 12 in Unarmed Combat
  8976 | D:11     | Paralysed by a hornet for 1 turns
  9195 | D:10     | Gained mutation: You have claws for hands. [demonic
                  | ancestry]
  9195 | D:10     | Reached XP level 11. HP: 37/87 MP: 11/11
  9814 | Lair:1   | Entered Level 1 of the Lair of Beasts
  9907 | Lair:1   | Reached skill level 13 in Unarmed Combat
 10075 | Lair:1   | Noticed Maggie
 10080 | Lair:1   | Slain by a komodo dragon

Illustrated notes

Levels and vault maps discovered:
D:1:      roderic_crossed_star, layout_loops_ring
D:2:      minmay_roachtagon, layout_basic,
          hellmonk_ecumenical_altar_pennies_from_heaven
D:3:      layout_basic, hellmonk_ghost_happy_afterlife, minivault_25,
          kennysheep_generic_room_10
D:4:      layout_rooms
D:5:      layout_basic
D:6:      lemuel_slime, layout_basic, nicolae_overflow_hallway_of_the_gods,
          lemuel_temple_firewalk_b, serial_shops, nicolae_shop_drivethru
D:7:      layout_cave_pools, nicolae_overflow_crystal_walls
D:8:      layout_loops_ring, nicolae_overflow_two_pavilions
D:9:      gammafunk_the_bubble [the_bubble_gammafunk_plus_minus], layout_basic,
          orc_0_dummy, serial_shops, shop
D:10:     gammafunk_cloud_chamber, layout_cave_pools, erik_lair_orcish_takeover,
          kennysheep_donut
D:11:     layout_basic
Lair:1:   layout_chaotic_city, uniq_maggie

Skill      XL: |  1  2  3  4  5  6  7  8  9 10 11 |
---------------+----------------------------------+-----
Axes           | 3 4 5 |  5.7
Unarmed Combat | 2 4 6 9 10 12 13 | 13.2
Fighting       | 4 6 8 9 |  9.0
Armour         | |  1.7
Dodging        | |  1.7

Action                     |  1- 3 |  4- 6 |  7- 9 | 10-12 || total
---------------------------+-------+-------+-------+-------++-------
  Melee: Hand axe          |    69 |   158 |       |       ||   227
         Unarmed           |       |    48 |   355 |   239 ||   642
         Punch             |       |     1 |    21 |    13 ||    35
 Invoke: Berserk           |     2 |     4 |     4 |     5 ||    15
         Trog's Hand       |       |     3 |    19 |    10 ||    32
    Use: Scroll            |     3 |     3 |     7 |     4 ||    17
         Potion            |       |       |     2 |       ||     2
   Stab: Sleeping          |     2 |       |       |       ||     2
 Armour: Animal skin       |    20 |       |       |       ||    20
         Leather armour    |    17 |     1 |       |       ||    18
         Chain mail        |       |   249 |   329 |   319 ||   897
  Dodge: Dodged            |    59 |    82 |   130 |   167 ||   438

Table legend: (Time is in decaauts)
 A = Elapsed time spent in this place.
 B = Non-inter-level travel time spent in this place.
 C = Inter-level travel time spent in this place.
 D = Time resting spent in this place.
 E = Time spent auto-exploring this place.
 F = Levels seen in this place.
 G = Mean time per level.
                   A        B        C        D        E       F      G
               +--------+--------+--------+--------+--------+-----+--------+
         Total |  10152 |   9810 |    342 |      0 |   7933 |  12 |  846.0 |
       Dungeon |   9897 |   9556 |    341 |      0 |   7745 |  11 |  899.7 |
          Lair |    255 |    255 |      0 |      0 |    188 |   1 |  255.0 |
               +--------+--------+--------+--------+--------+-----+--------+

Top non-repeatable levels by time:
     D:6: 1493 daAuts
    D:10: 1280 daAuts
     D:3: 1256 daAuts
     D:9: 1026 daAuts
     D:8: 977 daAuts
     D:1: 830 daAuts
     D:4: 721 daAuts
     D:5: 718 daAuts
     D:7: 627 daAuts
    D:11: 484 daAuts
     D:2: 482 daAuts
  Lair:1: 255 daAuts
